 Dungeon Crawl Stone Soup version 0.29.1-12-g30fa7ad0bf (webtiles) character file.

Game seed: 6877288481662054233

7257 xzight the Thaumaturge (level 11, -8/129 HPs)
             Began as a Gnoll Warper on Dec 30, 2022.
             Was an Elder of Cheibriados.
             Killed from afar by a gargoyle (9 damage)
             ... with a stone arrow
             ... on level 10 of the Dungeon.
             The game lasted 00:13:29 (10416 turns).

xzight the Thaumaturge (Gnoll Warper)              Turns: 10416, Time: 00:13:29

Health: -8/129     AC: 25    Str: 20    XL:     11   Next: 12%
Magic:  23/23      EV:  2    Int: 27    God:    Cheibriados [****..]
Gold:   549        SH:  0    Dex: 22    Spells: 24/26 levels left

rFire   . . .      SeeInvis .   a - +7 Throatcutter {drain, coup de grace}
rCold   . . .      Faith    .   (no shield)
rNeg    . . .      Spirit   .   (body armour currently unavailable)
rPois   +          Reflect  .   (helmet currently unavailable)
rElec   .          Harm     .   (cloak currently unavailable)
rCorr   .          Rampage  .   (gloves currently unavailable)
Will    +....      NoTele   +   (boots currently unavailable)
Stlth   ++++......              (no amulet)
HPRegen 0.31/turn               W - ring of willpower
MPRegen 0.18/turn               z - ring of wizardry

@: tree-form, very slow
A: stationary, stasis, torment immunity, boosted hp, (fangs 1), strong nose,
distributed training
a: Renounce Religion, Bend Time, Temporal Distortion, Slouch


You were on level 10 of the Dungeon.
You worshipped Cheibriados.
Cheibriados was greatly pleased with you.
You were a tree.
You visited 2 branches of the dungeon, and saw 11 of its levels.

You collected 549 gold pieces.


Innate Abilities, Weirdness & Mutations

You are a tree.
Your roots penetrate the ground, keeping you stationary.
You cannot be teleported.
You are immune to unholy pain and torment.
Your maximum health is greatly increased.
Your equipment is partially melded.
((You have very sharp teeth.))
Your uncanny sense of smell can sniff out nearby items.
Your experience applies equally to all skills.


   Skills:
 + Level 7.8 Fighting
 + Level 6.2 Short Blades
 + Level 6.2 Long Blades
 + Level 6.2 Axes
 + Level 6.2 Maces & Flails
 + Level 7.8 Polearms
 + Level 6.2 Staves
 + Level 6.2 Ranged Weapons
 + Level 6.8 Throwing
 + Level 6.8 Armour
 + Level 7.8 Dodging
 + Level 6.2 Stealth
 + Level 6.2 Shields
 + Level 6.2 Unarmed Combat
 + Level 8.1 Spellcasting
 + Level 5.1 Conjurations
 + Level 5.1 Hexes
 + Level 5.1 Summonings
 + Level 5.1 Necromancy
 + Level 7.6 Translocations
 + Level 5.1 Transmutations
 + Level 5.1 Fire Magic
 + Level 5.1 Ice Magic
 + Level 5.1 Air Magic
 + Level 5.1 Earth Magic
 + Level 5.1 Poison Magic
 + Level 6.8 Invocations
 + Level 6.2 Evocations


You had 24 spell levels left.
You knew the following spells:

 Your Spells              Type           Power      Damage    Failure   Level
a - Blink                 Tloc           100%       N/A       1%          2

Your spell library contained the following spells:

 Spells                   Type           Power      Damage    Failure   Level
 Beastly Appendage        Tmut           76%        N/A       1%          1
 Foxfire                  Conj/Fire      100%       2x1d9     1%          1
 Wereblood                Tmut           38%        N/A       1%          2
 Conjure Flame            Conj/Fire      38%        6-21      1%          3
 Gell's Gravitas          Tloc           51%        N/A       1%          3
 Inner Flame              Hex/Fire       38%        N/A       1%          3
 Lesser Beckoning         Tloc           51%        N/A       1%          3
 Spider Form              Tmut/Pois      38%        N/A       1%          3
 Teleport Other           Tloc           51%        N/A       1%          3
 Animate Armour           Summ/Erth      76%        N/A       2%          4
 Flame Wave               Conj/Fire      38%        2d10      2%          4
 Manifold Assault         Tloc           51%        N/A       2%          5
 Blade Hands              Tmut           19%        N/A       7%          5
 Iron Shot                Conj/Erth      19%        9d4       34%         6

Inventory:

Hand Weapons
 a - the +7 Throatcutter (weapon) {drain, coup de grace}
   (You found it on level 3 of the Dungeon)

   A truly terrible weapon, it drains the life of any living foe it strikes.
   It may instantly kill foes which have little health.
 b - a +4 sling of flaming
Missiles
 d - 7 boomerangs of dispersal (quivered) {=f}
Armour
 u - a +0 pair of boots (melded)
 v - the +5 scale mail "Xinomeud" (melded) {rC+ Int+3 Dex-3 SInv}
   (You found it on level 3 of the Dungeon)

   Int:       It affects your intelligence (+3).
   Dex:       It affects your dexterity (-3).
   rC:        It protects you from cold.
   SInv:      It lets you see invisible.
 D - a +0 cloak (melded)
 H - a +1 helmet (melded)
Jewellery
 w - an amulet of faith {!P}
 z - a ring of wizardry (right branch)
 L - a ring of flight
 R - a ring of resist corrosion
 W - a ring of willpower (left branch)
 Z - a ring of wizardry
Wands
 p - a wand of roots (5)
 B - a wand of digging (11)
 E - a wand of flame (30)
 G - a wand of mindburst (17)
Scrolls
 c - 4 scrolls of blinking
 e - a scroll of amnesia {unknown}
 f - a scroll of vulnerability {unknown}
 i - 2 scrolls of identify {@r1}
 j - 3 scrolls of enchant armour
 m - 2 scrolls of immolation {unknown}
 o - a scroll of magic mapping {unknown}
 q - 2 scrolls of noise {unknown}
 r - 2 scrolls of brand weapon {unknown}
 x - 2 scrolls of enchant weapon {unknown}
 y - 6 scrolls of teleportation {@r2}
 C - a scroll of poison {unknown}
Potions
 g - a potion of mutation {unknown}
 h - 2 potions of ambrosia
 k - a potion of curing {@q1}
 l - a potion of invisibility {unknown}
 n - 5 potions of might
 s - a potion of lignification
 t - 2 potions of haste {unknown}
 A - 2 potions of brilliance {unknown}
 F - a potion of flight {unknown}

Dungeon Overview and Level Annotations

Branches:
Dungeon (9/15)             Temple (1/1) D:5            Lair (0/5) D:8
    Orc (0/2) D:9

Altars:
Ashenzari
Cheibriados
Elyvilon
Gozag
Okawaru
Qazlal
Sif Muna
Uskayaw
Wu Jian
Zin
The Shining One

Shops:
D:1 (   D:4 =

Annotations:
D:4 2 runed translucent doors, Radix's ghost, amateur GrFi

##+##..#####'######
...+.......#.........#
...#.......#.........#
▒....(....########'##
▒............'....# .⚑
∆ ▒...........#....#
....▒▒▒......##########
...WHoy▒.....#
∆▒♣.....# ▒9▒.#..##
▒▒▒.#..# ..#..# ...#..#
....#..# .....####
......#


You could see a manticore, a wraith, a vampire mosquito, a gargoyle and an orc
wizard.


Message History

The gargoyle hits you with a +0 mace.
* * * LOW HITPOINT WARNING * * *
The vampire mosquito bites you but does no damage.
The gargoyle hits you but does no damage.
You hit the gargoyle.
The gargoyle is lightly damaged.
The vampire mosquito bites you.
* * * LOW HITPOINT WARNING * * *
The vampire mosquito draws strength from your injuries!
The vampire mosquito bites you!
* * * LOW HITPOINT WARNING * * *
The vampire mosquito draws strength from your injuries!
The gargoyle hurls a stone arrow at you.
The stone arrow hits you!
* * * LOW HITPOINT WARNING * * *
You completely miss the gargoyle.
The gargoyle is lightly damaged.
The vampire mosquito bites you but does no damage. x2
The gargoyle hits you but does no damage.
You hit the gargoyle but do no damage.
The gargoyle is lightly damaged.
The vampire mosquito bites you!
* * * LOW HITPOINT WARNING * * *
The vampire mosquito draws strength from your injuries!
The vampire mosquito bites you.
* * * LOW HITPOINT WARNING * * *
The vampire mosquito draws strength from your injuries!
The gargoyle hurls a stone arrow at you.
The stone arrow hits you!
You die...

Skill      XL: |  1  2  3  4  5  6  7  8  9 10 11 |
---------------+----------------------------------+-----
Spellcasting   | 5 6 7 8 |  8.1
Invocations    | 1 2 3 4 5 6 |  6.8
Short Blades   | 1 2 3 5 6 |  6.2
Long Blades    | 1 2 3 5 6 |  6.2
Axes           | 1 2 3 5 6 |  6.2
Maces & Flails | 1 2 3 5 6 |  6.2
Staves         | 1 2 3 5 6 |  6.2
Ranged Weapons | 1 2 3 5 6 |  6.2
Stealth        | 1 2 3 5 6 |  6.2
Shields        | 1 2 3 5 6 |  6.2
Unarmed Combat | 1 2 3 5 6 |  6.2
Evocations     | 1 2 3 5 6 |  6.2
Conjurations   | 1 2 3 4 5 |  5.1
Hexes          | 1 2 3 4 5 |  5.1
Summonings     | 1 2 3 4 5 |  5.1
Necromancy     | 1 2 3 4 5 |  5.1
Transmutations | 1 2 3 4 5 |  5.1
Fire Magic     | 1 2 3 4 5 |  5.1
Ice Magic      | 1 2 3 4 5 |  5.1
Air Magic      | 1 2 3 4 5 |  5.1
Earth Magic    | 1 2 3 4 5 |  5.1
Poison Magic   | 1 2 3 4 5 |  5.1
Throwing       | 3 4 5 6 |  6.8
Armour         | 3 4 5 6 |  6.8
Fighting       | 5 6 7 |  7.8
Polearms       | 5 6 7 |  7.8
Dodging        | 5 6 7 |  7.8
Translocations | 6 7 |  7.6

Action                   |  1- 3 |  4- 6 |  7- 9 | 10-12 || total
-------------------------+-------+-------+-------+-------++-------
Melee: Spear             |   123 |    74 |       |       ||   197
       Bite              |    10 |     8 |    23 |    14 ||    55
       Long sword        |       |    59 |   227 |   164 ||   450
       Punch             |       |       |     8 |     7 ||    15
  Use: Scroll            |       |       |     5 |     3 ||     8
       Potion            |       |       |       |     4 ||     4
 Stab: Sleeping          |       |       |     1 |     2 ||     3
Armor: Leather armour    |     7 |       |       |       ||     7
       Ring mail         |     9 |    37 |       |       ||    46
       Scale mail        |       |    23 |   139 |    97 ||   259
       Skin              |       |       |       |    26 ||    26
Dodge: Dodged            |    31 |    79 |   138 |   155 ||   403

Levels and vault maps discovered:
D:1:      spicycebolla_green_bress_n_ham_2, layout_basic, serial_shops,
          nicolae_shop_trees, hellmonk_ecumenical_altar_dog_temple, st_stairs_8
D:2:      layout_basic, chequers_serial_rivers_room_a
D:3:      layout_rooms, portal_sewer_entry_b
D:4:      layout_basic, serial_shops, shop, ebering_ghost_disaster_area,
          uniq_menkaure
D:5:      minmay_recursive_quarters, layout_layer_cave,
          minmay_temple_entry_fiery, uniq_eustachio
D:6:      layout_cave_pools, dancing_weapons_uskayaw, hangedman_decor_slide_cut,
          corexii_item_surrounded_by_moat, grunt_ministairs_14, st_stairs_9
D:7:      layout_rooms, mainiacjoe_overflow_chevrons, serial_bayou_pond_e
D:8:      cheibrodos_statue_roulette, layout_basic, erik_lair_orcish_takeover
D:9:      layout_loops_cross, enter_bailey_7
D:10:     layout_grid_maze, minmay_ruined_shrine, uniq_harold, uniq_amaemon
Temple:   nicolae_temple_bog_church

Notes
Turn   | Place    | Note
-------+----------+-------------------------------------------
     0 | D:1      | xzight the Gnoll Warper began the quest for the Orb.
     0 | D:1      | Reached XP level 1. HP: 20/20 MP: 6/6
   101 | D:1      | Reached XP level 2. HP: 16/26 MP: 7/7
   311 | D:1      | Found a faded altar of an unknown god.
   426 | D:1      | Found Novoyj's Weapon Boutique.
   528 | D:1      | Reached skill level 5 in Spellcasting
   528 | D:1      | Reached XP level 3. HP: 29/31 MP: 7/9
   884 | D:1      | Reached skill level 1 in Invocations
   995 | D:1      | Reached skill level 1 in Short Blades
   995 | D:1      | Reached skill level 1 in Long Blades
   995 | D:1      | Reached skill level 1 in Axes
   995 | D:1      | Reached skill level 1 in Maces & Flails
   995 | D:1      | Reached skill level 1 in Staves
   995 | D:1      | Reached skill level 1 in Ranged Weapons
   995 | D:1      | Reached skill level 1 in Stealth
   995 | D:1      | Reached skill level 1 in Shields
   995 | D:1      | Reached skill level 1 in Unarmed Combat
   995 | D:1      | Reached skill level 1 in Evocations
  1509 | D:2      | Reached XP level 4. HP: 38/38 MP: 11/11
  2321 | D:3      | Reached skill level 1 in Conjurations
  2321 | D:3      | Reached skill level 1 in Hexes
  2321 | D:3      | Reached skill level 1 in Summonings
  2321 | D:3      | Reached skill level 1 in Necromancy
  2321 | D:3      | Reached skill level 1 in Transmutations
  2321 | D:3      | Reached skill level 1 in Fire Magic
  2321 | D:3      | Reached skill level 1 in Ice Magic
  2321 | D:3      | Reached skill level 1 in Air Magic
  2321 | D:3      | Reached skill level 1 in Earth Magic
  2321 | D:3      | Reached skill level 1 in Poison Magic
  2494 | D:3      | Found the +7 Throatcutter {drain, coup de grace}
  2788 | D:3      | Reached XP level 5. HP: 38/43 MP: 12/12
  2790 | D:3      | Identified the +5 scale mail "Xinomeud" {rC+ Int+3 Dex-3
                  | SInv}
  2914 | D:3      | Reached skill level 3 in Throwing
  2914 | D:3      | Reached skill level 3 in Armour
  3322 | D:4      | Found a large runed translucent door.
  3323 | D:4      | Found a large runed translucent door.
  3483 | D:4      | Noticed Radix's ghost (amateur GrFi)
  3562 | D:4      | Noticed Menkaure
  3571 | D:4      | Killed Menkaure
  3572 | D:4      | Reached skill level 5 in Fighting
  3572 | D:4      | Reached skill level 2 in Short Blades
  3572 | D:4      | Reached skill level 2 in Long Blades
  3572 | D:4      | Reached skill level 2 in Axes
  3572 | D:4      | Reached skill level 2 in Maces & Flails
  3572 | D:4      | Reached skill level 5 in Polearms
  3572 | D:4      | Reached skill level 2 in Staves
  3572 | D:4      | Reached skill level 2 in Ranged Weapons
  3572 | D:4      | Reached skill level 5 in Dodging
  3572 | D:4      | Reached skill level 2 in Stealth
  3572 | D:4      | Reached skill level 2 in Shields
  3572 | D:4      | Reached skill level 2 in Unarmed Combat
  3572 | D:4      | Reached skill level 2 in Invocations
  3572 | D:4      | Reached skill level 2 in Evocations
  3572 | D:4      | Reached XP level 6. HP: 39/51 MP: 14/14
  3680 | D:4      | Found Agusa's Jewellery Shoppe.
  3844 | D:4      | Reached XP level 7. HP: 56/56 MP: 15/15
  3932 | D:4      | Reached skill level 2 in Conjurations
  3932 | D:4      | Reached skill level 2 in Hexes
  3932 | D:4      | Reached skill level 2 in Summonings
  3932 | D:4      | Reached skill level 2 in Necromancy
  3932 | D:4      | Reached skill level 2 in Transmutations
  3932 | D:4      | Reached skill level 2 in Fire Magic
  3932 | D:4      | Reached skill level 2 in Ice Magic
  3932 | D:4      | Reached skill level 2 in Air Magic
  3932 | D:4      | Reached skill level 2 in Earth Magic
  3932 | D:4      | Reached skill level 2 in Poison Magic
  4135 | D:5      | Entered Level 5 of the Dungeon
  4406 | D:5      | Noticed Eustachio
  4416 | D:5      | Killed Eustachio
  4417 | D:5      | Reached skill level 3 in Invocations
  4641 | D:5      | Found a staircase to the Ecumenical Temple.
  4753 | D:5      | Reached skill level 6 in Translocations
  4774 | D:5      | Reached skill level 4 in Throwing
  4774 | D:5      | Reached skill level 4 in Armour
  4816 | Temple   | Entered the Ecumenical Temple
  4824 | Temple   | Became a worshipper of Cheibriados the Contemplative
  4928 | D:5      | Reached skill level 3 in Short Blades
  4928 | D:5      | Reached skill level 3 in Long Blades
  4928 | D:5      | Reached skill level 3 in Axes
  4928 | D:5      | Reached skill level 3 in Maces & Flails
  4928 | D:5      | Reached skill level 3 in Staves
  4928 | D:5      | Reached skill level 3 in Ranged Weapons
  4928 | D:5      | Reached skill level 3 in Stealth
  4928 | D:5      | Reached skill level 3 in Shields
  4928 | D:5      | Reached skill level 3 in Unarmed Combat
  4928 | D:5      | Reached skill level 3 in Evocations
  4928 | D:5      | Reached XP level 8. HP: 63/63 MP: 16/16
  4936 | D:5      | Reached skill level 6 in Spellcasting
  5331 | D:5      | Learned a level 2 spell: Blink
  5792 | D:6      | Reached skill level 3 in Conjurations
  5792 | D:6      | Reached skill level 3 in Hexes
  5792 | D:6      | Reached skill level 3 in Summonings
  5792 | D:6      | Reached skill level 3 in Necromancy
  5792 | D:6      | Reached skill level 3 in Transmutations
  5792 | D:6      | Reached skill level 3 in Fire Magic
  5792 | D:6      | Reached skill level 3 in Ice Magic
  5792 | D:6      | Reached skill level 3 in Air Magic
  5792 | D:6      | Reached skill level 3 in Earth Magic
  5792 | D:6      | Reached skill level 3 in Poison Magic
  5792 | D:6      | Reached skill level 4 in Invocations
  5849 | D:6      | Reached skill level 6 in Fighting
  5849 | D:6      | Reached skill level 6 in Polearms
  5849 | D:6      | Reached skill level 6 in Dodging
  5850 | D:6      | Reached * piety under Cheibriados
  6063 | D:6      | Reached XP level 9. HP: 55/69 MP: 18/18
  6215 | D:6      | Reached skill level 4 in Short Blades
  6215 | D:6      | Reached skill level 4 in Long Blades
  6215 | D:6      | Reached skill level 4 in Axes
  6215 | D:6      | Reached skill level 4 in Maces & Flails
  6215 | D:6      | Reached skill level 4 in Staves
  6215 | D:6      | Reached skill level 4 in Ranged Weapons
  6215 | D:6      | Reached skill level 4 in Stealth
  6215 | D:6      | Reached skill level 4 in Shields
  6215 | D:6      | Reached skill level 4 in Unarmed Combat
  6215 | D:6      | Reached skill level 4 in Evocations
  6360 | D:6      | Reached skill level 5 in Throwing
  6360 | D:6      | Reached skill level 5 in Armour
  6610 | D:6      | Found a hide-covered altar of Uskayaw.
  6611 | D:6      | Noticed a +0 dagger
  6612 | D:6      | Noticed a +0 dagger
  6792 | D:7      | Reached ** piety under Cheibriados
  7161 | D:7      | Identified the +1 trident "Etzut" {vamp, Will+ rCorr}
  7177 | D:7      | Reached skill level 5 in Invocations
  7394 | D:7      | Found a shimmering blue altar of Sif Muna.
  7525 | D:8      | Reached skill level 7 in Spellcasting
  7586 | D:8      | Reached *** piety under Cheibriados
  7590 | D:8      | Reached skill level 4 in Conjurations
  7590 | D:8      | Reached skill level 4 in Hexes
  7590 | D:8      | Reached skill level 4 in Summonings
  7590 | D:8      | Reached skill level 4 in Necromancy
  7590 | D:8      | Reached skill level 4 in Transmutations
  7590 | D:8      | Reached skill level 4 in Fire Magic
  7590 | D:8      | Reached skill level 4 in Ice Magic
  7590 | D:8      | Reached skill level 4 in Air Magic
  7590 | D:8      | Reached skill level 4 in Earth Magic
  7590 | D:8      | Reached skill level 4 in Poison Magic
  7850 | D:8      | Reached skill level 5 in Short Blades
  7850 | D:8      | Reached skill level 5 in Long Blades
  7850 | D:8      | Reached skill level 5 in Axes
  7850 | D:8      | Reached skill level 5 in Maces & Flails
  7850 | D:8      | Reached skill level 5 in Staves
  7850 | D:8      | Reached skill level 5 in Ranged Weapons
  7850 | D:8      | Reached skill level 5 in Stealth
  7850 | D:8      | Reached skill level 5 in Shields
  7850 | D:8      | Reached skill level 5 in Unarmed Combat
  7850 | D:8      | Reached skill level 5 in Evocations
  7850 | D:8      | Reached XP level 10. HP: 77/77 MP: 20/20
  8040 | D:8      | Noticed a gargoyle
  8047 | D:8      | HP: 1/77 [gargoyle/stone arrow (26)]
  8050 | D:8      | Killed a gargoyle
  8051 | D:8      | Reached skill level 7 in Fighting
  8051 | D:8      | Reached skill level 7 in Polearms
  8051 | D:8      | Reached skill level 7 in Dodging
  8051 | D:8      | Reached skill level 7 in Translocations
  8055 | D:8      | Noticed a gargoyle
  8314 | D:8      | Noticed a gargoyle
  8320 | D:8      | Reached skill level 6 in Throwing
  8320 | D:8      | Reached skill level 6 in Armour
  8326 | D:8      | HP: 5/79 [gargoyle/+0 mace (15)]
  8330 | D:8      | Killed a gargoyle
  8571 | D:8      | Reached skill level 6 in Invocations
  8700 | D:8      | Killed a gargoyle
  8820 | D:8      | Noticed a gargoyle
  8842 | D:8      | Killed a gargoyle
  9049 | D:8      | Identified the +6 whip "Mist" {antimagic, *Corrode Will++
                  | Int+10 Dex-3}
  9055 | D:8      | Found a staircase to the Lair.
  9436 | D:8      | Noticed a gargoyle
  9439 | D:8      | Killed a gargoyle
  9519 | D:9      | Reached **** piety under Cheibriados
  9869 | D:9      | Noticed a manticore
  9881 | D:9      | Killed a manticore
  9882 | D:9      | Reached skill level 6 in Short Blades
  9882 | D:9      | Reached skill level 6 in Long Blades
  9882 | D:9      | Reached skill level 6 in Axes
  9882 | D:9      | Reached skill level 6 in Maces & Flails
  9882 | D:9      | Reached skill level 6 in Staves
  9882 | D:9      | Reached skill level 6 in Ranged Weapons
  9882 | D:9      | Reached skill level 6 in Stealth
  9882 | D:9      | Reached skill level 6 in Shields
  9882 | D:9      | Reached skill level 6 in Unarmed Combat
  9882 | D:9      | Reached skill level 6 in Evocations
 10063 | D:9      | Identified the +1 ring mail of the Tarantula {rElec rPois
                  | Int+2}
 10145 | D:9      | Reached skill level 5 in Conjurations
 10145 | D:9      | Reached skill level 5 in Hexes
 10145 | D:9      | Reached skill level 5 in Summonings
 10145 | D:9      | Reached skill level 5 in Necromancy
 10145 | D:9      | Reached skill level 5 in Transmutations
 10145 | D:9      | Reached skill level 5 in Fire Magic
 10145 | D:9      | Reached skill level 5 in Ice Magic
 10145 | D:9      | Reached skill level 5 in Air Magic
 10145 | D:9      | Reached skill level 5 in Earth Magic
 10145 | D:9      | Reached skill level 5 in Poison Magic
 10147 | D:9      | Reached XP level 11. HP: 75/85 MP: 22/22
 10331 | D:9      | Found a staircase to the Orcish Mines.
 10341 | D:9      | You fall into a shaft and drop 1 floor!
 10341 | D:10     | Entered Level 10 of the Dungeon
 10390 | D:10     | Noticed a tengu warrior
 10391 | D:10     | Found an ornate altar of the Wu Jian Council.
 10391 | D:10     | Noticed a manticore
 10405 | D:10     | Killed a tengu warrior
 10406 | D:10     | Reached skill level 8 in Spellcasting
 10414 | D:10     | HP: 9/129 [gargoyle/stone arrow (14)]
 10416 | D:10     | HP: 2/129 [vampire mosquito (8)]
 10416 | D:10     | Killed from afar by a gargoyle

Vanquished Creatures
  A tengu warrior (D:10)
  A manticore (D:9)
  5 gargoyles (D:8)
  A hornet (D:8)
  A wraith (D:9)
  Eustachio (D:5)
  A steam dragon (D:8)
  2 wargs (D:8)
  Menkaure (D:4)
  An orc warrior (D:8)
  A black bear (D:7)
  2 ice beasts
  4 ogres
  6 kobold brigands
  2 phantoms
  2 bullfrogs
  3 necrophages
  6 scorpions
  9 wights
  10 killer bees
  2 howler monkeys
  5 hounds
  2 jellies
  6 orc priests
  6 iguanas
  9 orc wizards
  A gnoll (D:1)
  A river rat (D:3)
  8 adders
  3 white imps
  3 ufetubi
  2 worms
  3 dart slugs
  26 orcs
  14 endoplasms
  6 giant cockroaches
  7 hobgoblins
  4 jackals (D:1)
  A quokka (D:2)
  4 ball pythons
  6 bats
  4 frilled lizards
  7 goblins
  22 kobolds
  8 rats
220 creatures vanquished.

Vanquished Creatures (others)
  A howler monkey (D:8)
  2 orcs (D:8)
  A plant (D:8)
4 creatures vanquished.

Grand Total: 224 creatures vanquished

Table legend: (Time is in decaauts)
 A = Elapsed time spent in this place.
 B = Non-inter-level travel time spent in this place.
 C = Inter-level travel time spent in this place.
 D = Time resting spent in this place.
 E = Time spent auto-exploring this place.
 F = Levels seen in this place.
 G = Mean time per level.
                   A        B        C        D        E       F      G
               +--------+--------+--------+--------+--------+-----+--------+
         Total |  11883 |  11572 |    311 |   1858 |   7913 |  11 | 1080.3 |
       Dungeon |  11865 |  11564 |    301 |   1858 |   7913 |  10 | 1186.5 |
        Temple |     18 |      8 |     10 |      0 |      0 |   1 |   18.0 |
               +--------+--------+--------+--------+--------+-----+--------+

Top non-repeatable levels by time:
     D:8: 2412 daAuts
     D:5: 1828 daAuts
     D:6: 1360 daAuts
     D:1: 1267 daAuts
     D:9: 1080 daAuts
     D:2: 1006 daAuts
     D:4: 973 daAuts
     D:7: 943 daAuts
     D:3: 883 daAuts
    D:10: 109 daAuts
  Temple: 18 daAuts

Table legend:
 A = Non-vault XP
 B = Vault XP
 C = Vault XP percentage of total XP
 D = Non-vault monster count
 E = Vault monster count
 F = Vault count percentage of total count
                 A         B        C        D         E       F
            +---------+---------+-------+---------+---------+-------
      Total |    5732 |    4636 |  44.7 |     180 |      40 |  18.2
            +---------+---------+-------+---------+---------+-------
        D:1 |      60 |       6 |   9.1 |      28 |       3 |   9.7
        D:2 |      40 |       0 |   0.0 |      17 |       0 |   0.0
        D:3 |      88 |      23 |  20.7 |      13 |       7 |  35.0
        D:4 |     391 |     169 |  30.2 |      15 |       1 |   6.2
        D:5 |     460 |     582 |  55.9 |      11 |      10 |  47.6
        D:6 |     935 |     285 |  23.4 |      28 |       4 |  12.5
        D:7 |     862 |       0 |   0.0 |      23 |       0 |   0.0
        D:8 |    1227 |    2615 |  68.1 |      24 |      12 |  33.3
        D:9 |    1669 |       0 |   0.0 |      21 |       0 |   0.0
       D:10 |       0 |     956 | 100.0 |       0 |       3 | 100.0
            +---------+---------+-------+---------+---------+-------
